 Dungeon Crawl Stone Soup version 0.32-a0-35-gd9ff480968 (webtiles) character file.

Game seed: 14883618961725800255

10473 LinLOL the Grappler (level 11, -11/104 HPs)
             Began as a Troll Berserker on Jan 19, 2024.
             Was an Elder of Trog.
             Mangled by Kusum's ghost (14 damage)
             ... on level 1 of the Orcish Mines on Jan 22, 2024.
             The game lasted 00:47:20 (8633 turns).

LinLOL the Grappler (Troll Berserker)               Turns: 8633, Time: 00:47:20

Health: -11/104    AC:  8    Str: 31    XL:     11   Next: 36%
Magic:  10/10      EV: 16    Int:  3    God:    Trog [****..]
Gold:   455        SH:  0    Dex:  9    Spells: 10/10 levels left

rFire   . .          .
                       - Unarmed
rCold   . . .        (no shield)
rNeg    . . .        Z - +0 acid dragon scales
rPois   .            J - +0 hat {Will+}
rElec   .            (no cloak)
rCorr   +            (gloves unavailable)
SInv    .            (boots unavailable)
Will    +....        (no amulet)
Stlth   +            b - +5 ring of evasion
HPRegen 1.17/turn    T - ring of resist corrosion
MPRegen 0.12/turn

%: no passive effects
@: on berserk cooldown, slowed, very slow
A: large, unfitting armour, claws 3, regeneration 1, shaggy fur 1, tough skin 1
a: Renounce Religion, Berserk, Trog's Hand, Brothers in Arms


You were on level 1 of the Orcish Mines.
You worshipped Trog.
Trog was greatly pleased with you.
You visited 3 branches of the dungeon, and saw 11 of its levels.

You collected 469 gold pieces.
You spent 14 gold pieces at shops.

Inventory:

Hand Weapons
 s - the +7 long sword "Pifir" {heavy, Int+2}
   (You found it on level 3 of the Dungeon)

   Int+2:     It affects your intelligence (+2).
 v - a +1 dagger of draining
 N - the +2 sling of Iheaxteenu {antimagic, rF+ Dex+6}
   (You found it on level 7 of the Dungeon)

   Dex+6:     It affects your dexterity (+6).
   rF+:       It protects you from fire.
 S - a +3 dire flail of freezing
 X - a +3 trident of draining
 Y - a +2 whip of pain
Missiles
 d - 95 stones (quivered)
 o - 31 poisoned darts
 M - a curare-tipped dart
 P - 8 atropa-tipped darts
Armour
 J - a +0 hat of willpower (worn)
 O - +0 steam dragon scales
 W - an orb of guile
 Z - +0 acid dragon scales (worn)
Jewellery
 b - a +5 ring of evasion (left claw)
 h - a ring of fire
 G - a +6 ring of intelligence
 H - a +5 ring of evasion
 I - a ring of positive energy
 T - a ring of resist corrosion (right claw)
Talismans
 C - a beast talisman
Wands
 p - a wand of paralysis (18)
 t - a wand of polymorph (11)
 Q - a wand of flame (21)
Scrolls
 a - a scroll of butterflies {unknown}
 e - a scroll of amnesia {unknown}
 g - 13 scrolls of identify {unknown}
 j - a scroll of immolation {unknown}
 k - 3 scrolls of fear {unknown}
 m - 2 scrolls of blinking {unknown}
 q - 3 scrolls of brand weapon {unknown}
 u - a scroll of revelation {unknown}
 w - 2 scrolls of enchant armour {unknown}
 y - 3 scrolls of teleportation
 B - 2 scrolls of noise {unknown}
 E - 2 scrolls of vulnerability {unknown}
 K - a scroll of fog {unknown}
 V - a scroll of poison {unknown}
Potions
 c - 3 potions of magic {unknown}
 f - a potion of haste {unknown}
 i - 3 potions of might {unknown}
 l - 2 potions of heal wounds {unknown}
 n - 2 potions of enlightenment {unknown}
 r - 3 potions of brilliance {unknown}
 x - a potion of invisibility {unknown}
 z - a potion of berserk rage
 A - 2 potions of curing
 D - 3 potions of attraction {unknown}
 F - 3 potions of lignification {unknown}
 L - 2 potions of mutation {unknown}
 R - a potion of ambrosia {unknown}
 U - 3 potions of resistance {unknown}


   Skills:
 + Level 5.4 Fighting
 + Level 3.0 Long Blades
 + Level 1.2 Throwing
 + Level 2.0 Armour
 + Level 7.7 Dodging
 - Level 2.4 Stealth
 + Level 13.4 Unarmed Combat


You had 10 spell levels left.
You didn't know any spells.
Your spell library contained the following spells:

 Spells                   Type           Power      Damage    Failure   Level
 Freeze                   Ice            0%         1d3       58%         1
 Shock                    Conj/Air       0%         1d3       58%         1
 Frozen Ramparts          Ice            0%         1d1       91%         3
 Hailstorm                Conj/Ice       0%         3d5       91%         3
 Swiftness                Air            0%         N/A       91%         3
 Airstrike                Air            0%         2d(0-16)  100%        4
 Alistair's Intoxication  Alch           0%         N/A       100%        5
 Borgnjor's Vile Clutch   Necr/Erth      0%         N/A       100%        5
 Eringya's Noxious Bog    Alch           0%         4d6       100%        6


Dungeon Overview and Level Annotations

Branches:
Dungeon (9/15)             Temple (1/1) D:5             Orc (1/2) D:9
   Lair: D:8-11

Altars:
Ashenzari
Cheibriados
Dithmenos
Elyvilon
Fedhas
Gozag
Hepliaklqana
Kikubaaqudgha
Makhleb
Nemelex Xobeh
Okawaru
Qazlal
Ru
Sif Muna
Trog
Uskayaw
Vehumet
Wu Jian
Xom
Yredelemnul
Zin
The Shining One

Shops:
D:4 *(

Annotations:
D:9 exclusion: orange crystal statue
Orc:1 1 transporter, Kusum's ghost, journeyman DsFi


Innate Abilities, Weirdness & Mutations

You are too large for most types of armour.
You have claws for hands.
Your natural rate of healing is unusually fast.
You are covered in fur. (AC +1)
You have tough skin. (AC +1)


Message History

A red film seems to cover your vision as you go berserk!
You feel yourself moving faster!
You feel mighty!
The orc priest hits you with a +0 hand axe.
The orc knight hits you with a +0 dire flail.
The ettin hits you with a +0 dire flail!!!
The ettin hits you with a +0 dire flail.
The orc priest mumbles some strange prayers to Beogh against you.
Beogh smites you! The warg bites you!
You can't go up here!
You don't know any spells.
Okay, then.
You eviscerate the ettin!!!
The ettin is heavily wounded.
The warg bites you! The orc priest misses you.
The orc priest calls down the wrath of Beogh upon you.
Beogh smites you!
* * * LOW HITPOINT WARNING * * *
The orc knight roars a battlecry!
The orcs go into a battle-frenzy!
The ettin hits you with a +0 dire flail!
* * * LOW HITPOINT WARNING * * *
The ettin closely misses you.
There is a transporter landing site, spattered with blood here.
You feel a strong urge to attack something.
The orc knight closely misses you.
The orc priest invokes the aid of Beogh against you.
Beogh smites you!
* * * LOW HITPOINT WARNING * * *
The orc knight barely misses you.
You feel your anger nearly subside.
The orc priest mumbles some strange prayers to Beogh against you.
Beogh smites you!
* * * LOW HITPOINT WARNING * * *
You are no longer berserk.
You are exhausted.
You feel yourself slow down. Kusum's ghost hits you!
* * * LOW HITPOINT WARNING * * *
Kusum's ghost hits you!
You die...

#.......©............###.####
#...#########.......## ###
#..##8[$![)8##.....##
#..#.........#..####
#..#.#.....#.#..#
#..#..#...#..#..#
#..#....Co...#..#
#..#..#oo.#Wo#..#
#..#.#...h.#@#..#
#..#.....ooo©#..#
#..##8.....8##..#
#...#########...#
#.......©.......#
#..................##
.........#......#.##
#.....#............#
..$................#


You could see an orc knight, 2 orc warriors, 2 orc priests and Kusum's ghost.

Vanquished Creatures
  Gastronok (D:8)
  Erica (D:8)
  The ghost of Ralffi009 the Basher, a novice DsGl of Gozag (D:8)
  An orc knight (Orc:1)
  An orc sorcerer (Orc:1)
  Maggie (D:8)
  A spectral unseen horror (D:8)
  Jeremiah (D:8)
  A wyvern (D:9)
  Eustachio (D:4)
  9 yaks
  A wraith (D:9)
  A steam dragon (D:7)
  4 vampire mosquitoes (D:8)
  Edmund (D:5)
  10 orc warriors
  An ice beast (D:5)
  2 black bears
  3 ogres
  A centaur (D:9)
  2 phantoms
  4 kobold brigands
  Blork the orc (D:4)
  A bullfrog (D:8)
  2 scorpions
  8 wights
  A water moccasin skeleton (D:5)
  A spectral centaur (D:8)
  4 howler monkeys
  A bombardier beetle (D:5)
  A bullfrog zombie (D:5)
  3 centaur zombies
  A jelly (D:6)
  8 orc priests
  A bullfrog skeleton (D:5)
  A hound (D:6)
  2 centaur skeletons
  2 gnoll boudas (D:6)
  3 sleepcaps
  8 orc wizards
  3 iguanas
  2 killer bee zombies (D:8)
  2 ogre zombies (D:8)
  A mummy (D:8)
  9 gnolls (D:6)
  4 adders
  4 ufetubi (D:6)
  An adder skeleton (D:5)
  6 dart slugs
  A ribbon worm (D:3)
  40 orcs
  9 endoplasms
  2 giant cockroaches
  4 goblins
  5 hobgoblins
  4 jackals (D:3)
  3 quokkas
  6 ball pythons
  4 bats
  4 frilled lizards
  27 kobolds
  5 rats
244 creatures vanquished.

Vanquished Creatures (others)
  An orc (D:3)
1 creature vanquished.

Grand Total: 245 creatures vanquished

Notes
Turn   | Place    | Note
-------+----------+-------------------------------------------
     0 | D:1      | LinLOL the Troll Berserker began the quest for the Orb.
     0 | D:1      | Reached XP level 1. HP: 22/22 MP: 0/0
   168 | D:1      | Reached XP level 2. HP: 29/29 MP: 1/1
   994 | D:2      | Reached XP level 3. HP: 36/36 MP: 2/2
  1446 | D:2      | Reached ** piety under Trog
  1550 | D:3      | Reached XP level 4. HP: 39/44 MP: 3/3
  1598 | D:3      | Reached skill level 4 in Unarmed Combat
  1905 | D:3      | Identified the +7 long sword "Pifir" {heavy, Int+2}
  2291 | D:4      | Reached XP level 5. HP: 33/50 MP: 4/4
  2308 | D:4      | Upgraded the game from 0.32-a0-30-gefbe487952 to
                  | 0.32-a0-35-gd9ff480968
  2453 | D:4      | Noticed Blork the orc
  2461 | D:4      | Killed Blork the orc
  2462 | D:4      | Reached skill level 1 in Long Blades
  2486 | D:4      | Noticed Eustachio
  2487 | D:4      | Found Watwim's CLEARANCE SALE!.
  2535 | D:4      | Killed Eustachio
  2536 | D:4      | Reached XP level 6. HP: 28/61 MP: 5/5
  2569 | D:4      | Bought a scroll of teleportation for 3 gold pieces
  2569 | D:4      | Bought a potion of berserk rage for 5 gold pieces
  2569 | D:4      | Bought 2 potions of curing for 6 gold pieces
  2800 | D:4      | Reached skill level 5 in Unarmed Combat
  2800 | D:4      | Reached XP level 7. HP: 49/67 MP: 6/6
  3036 | D:4      | Found Jeafoeka's Antique Weapon Emporium.
  3392 | D:4      | You fall into a shaft and drop 3 floors!
  3408 | D:7      | Noticed a yak
  3409 | D:7      | Noticed a yak
  3418 | D:7      | Noticed a yak
  3418 | D:7      | Noticed a yak
  3419 | D:7      | Noticed a yak
  3421 | D:7      | Killed a yak
  3422 | D:7      | Reached skill level 1 in Stealth
  3422 | D:7      | Noticed a yak
  3425 | D:7      | Killed a yak
  3429 | D:7      | Killed a yak
  3430 | D:7      | Reached skill level 6 in Unarmed Combat
  3430 | D:7      | Reached XP level 8. HP: 45/78 MP: 7/7
  3439 | D:7      | Reached skill level 5 in Dodging
  3439 | D:7      | Reached skill level 7 in Unarmed Combat
  3711 | D:7      | Identified the +2 sling of Iheaxteenu {antimagic, rF+
                  | Dex+6}
  3755 | D:7      | Found a shadowy altar of Dithmenos.
  3757 | D:7      | Found a glowing silver altar of Zin.
  4063 | D:7      | Reached skill level 8 in Unarmed Combat
  4078 | D:7      | Reached XP level 9. HP: 39/81 MP: 8/8
  5009 | D:6      | Reached *** piety under Trog
  5297 | D:6      | Reached skill level 9 in Unarmed Combat
  5436 | D:5      | Entered Level 5 of the Dungeon
  5490 | D:5      | Found a hide-covered altar of Uskayaw.
  5553 | D:5      | Noticed Edmund
  5564 | D:5      | Killed Edmund
  5689 | D:5      | Reached skill level 10 in Unarmed Combat
  5886 | D:5      | Found a staircase to the Ecumenical Temple.
  5910 | Temple   | Entered the Ecumenical Temple
  6098 | D:5      | Reached **** piety under Trog
  6579 | D:8      | Reached skill level 1 in Throwing
  6585 | D:8      | Reached XP level 10. HP: 36/94 MP: 9/9
  6591 | D:8      | Reached skill level 11 in Unarmed Combat
  6659 | D:8      | Noticed Gastronok
  6684 | D:8      | Killed Gastronok
  6805 | D:8      | Found a shimmering blue altar of Sif Muna.
  6849 | D:8      | Reached skill level 5 in Fighting
  6849 | D:8      | Found a runed translucent gate.
  6920 | D:8      | Found a basalt altar of Yredelemnul.
  6928 | D:8      | Found a runed translucent gate.
  6928 | D:8      | Found a runed translucent gate.
  6966 | D:8      | Noticed Erica
  6975 | D:8      | Killed Erica
  6976 | D:8      | Reached skill level 12 in Unarmed Combat
  6976 | D:8      | Identified the +3 leather armour "Boynocev" {rElec Regen+
                  | rCorr Dex-3}
  7130 | D:8      | Noticed Jeremiah
  7168 | D:8      | Killed Jeremiah
  7243 | D:8      | Noticed Ralffi009's ghost (novice DsGl)
  7365 | D:8      | Found a hazy altar of Hepliaklqana.
  7365 | D:8      | Noticed Maggie
  7380 | D:8      | Killed Maggie
  7443 | D:8      | Killed Ralffi009's ghost
  7446 | D:8      | Reached XP level 11. HP: 104/104 MP: 10/10
  7583 | D:9      | Reached skill level 13 in Unarmed Combat
  7876 | D:9      | Found a staircase to the Orcish Mines.
  7930 | D:9      | Noticed an orange crystal statue
  8193 | D:9      | Reached skill level 1 in Armour
  8378 | Orc:1    | Entered Level 1 of the Orcish Mines
  8389 | Orc:1    | Noticed an orc knight
  8414 | Orc:1    | Killed an orc knight
  8557 | Orc:1    | Noticed an orc sorcerer
  8563 | Orc:1    | Noticed a sun demon
  8563 | Orc:1    | Killed an orc sorcerer
  8571 | Orc:1    | Noticed an ettin
  8576 | Orc:1    | Found a transporter.
  8576 | Orc:1    | Noticed Kusum's ghost (journeyman DsFi)
  8580 | Orc:1    | Noticed an orc knight
  8598 | Orc:1    | Found a transporter.
  8633 | Orc:1    | HP: 3/104 [Kusum's ghost (7)]
  8633 | Orc:1    | Mangled by Kusum's ghost

Illustrated notes

Levels and vault maps discovered:
D:1:      sevenhm_arrival_forest_fort_small_4, layout_basic, solitary_fountain,
          minmay_tromino_v4_c
D:2:      layout_basic, ebering_dispersal_statue_hall, nrook_uturn,
          nicolae_concentric_dashed_squares_wild
D:3:      layout_basic, amcnicky_mini_rare_corridor_liquid,
          kennysheep_decorative_pillar
D:4:      minmay_evil_eye, layout_loops_ring, serial_shops, nicolae_square_shop,
          serial_rivers, chequers_serial_rivers_micro_b,
          chequers_serial_rivers_micro_e, chequers_serial_rivers_marsh,
          chequers_serial_rivers_micro_b, serial_library_hellmonk_big_corner,
          st_stairs_12, nicolae_shop_clearance, uniq_blork_the_orc,
          uniq_eustachio
D:5:      layout_loops_cross, nicolae_overflow_crystal_walls,
          minmay_temple_entry_proselytizer, serial_undead, serial_undead_f,
          serial_undead_e, serial_undead_a, serial_undead_b, uniq_edmund
D:6:      layout_gridville
D:7:      layout_loops_corners, mainiacjoe_overflow_catwalk_spiral,
          patterned_corridor
D:8:      layout_rooms, mainiacjoe_overflow_six_doors_small, lemuel_round_altar,
          amcnicky_altar_gilded, gammafunk_ghost_necromancy,
          minmay_mini_ossuary, uniq_gastronok, uniq_erica, uniq_jeremiah,
          uniq_maggie
D:9:      layout_basic, david_orc_4, minmay_statue_bubble
Temple:   minmay_temple_bridge_d
Orc:1:    layout_caves, gammafunk_ghost_arena

Skill      XL: |  1  2  3  4  5  6  7  8  9 10 11 |
---------------+----------------------------------+-----
Dodging        | 3 4 5 6 7 |  7.7
Unarmed Combat | 4 5 6 8 10 12 13 | 13.4
Fighting       | 3 4 5 |  5.4
Long Blades    | 1 2 3 |  3.0
Stealth        | 1 2 |  2.4
Throwing       | 1 |  1.2
Armour         | 2 |  2.0

Action                     |  1- 3 |  4- 6 |  7- 9 | 10-12 || total
---------------------------+-------+-------+-------+-------++-------
  Melee: Unarmed           |    92 |    87 |   254 |   251 ||   684
         Punch             |     3 |     2 |    17 |    13 ||    35
         Long sword        |       |    28 |       |       ||    28
  Throw: Dart              |       |       |     1 |     1 ||     2
 Invoke: Berserk           |       |     1 |     5 |     5 ||    11
         Trog's Hand       |       |       |     1 |     2 ||     3
    Use: Potion            |       |       |     1 |       ||     1
         Scroll            |       |       |       |     1 ||     1
   Stab: Sleeping          |     1 |       |     1 |       ||     2
 Armour: Animal skin       |    47 |   120 |    32 |       ||   199
         Steam dragon scal |       |       |   107 |    53 ||   160
         Acid dragon scale |       |       |       |    97 ||    97
  Dodge: Dodged            |    98 |   167 |   225 |   240 ||   730

Table legend: (Time is in decaauts)
 A = Elapsed time spent in this place.
 B = Non-inter-level travel time spent in this place.
 C = Inter-level travel time spent in this place.
 D = Time resting spent in this place.
 E = Time spent auto-exploring this place.
 F = Levels seen in this place.
 G = Mean time per level.
                   A        B        C        D        E       F      G
               +--------+--------+--------+--------+--------+-----+--------+
         Total |   8629 |   7605 |   1024 |    347 |   3337 |  11 |  784.5 |
       Dungeon |   8215 |   7363 |    852 |    304 |   3302 |   9 |  912.8 |
        Temple |    174 |      2 |    172 |      0 |      0 |   1 |  174.0 |
  Orcish Mines |    239 |    239 |      0 |     43 |     35 |   1 |  239.0 |
               +--------+--------+--------+--------+--------+-----+--------+

Top non-repeatable levels by time:
     D:7: 1349 daAuts
     D:4: 1145 daAuts
     D:1: 978 daAuts
     D:8: 936 daAuts
     D:9: 857 daAuts
     D:6: 824 daAuts
     D:5: 820 daAuts
     D:3: 792 daAuts
     D:2: 510 daAuts
   Orc:1: 239 daAuts
  Temple: 174 daAuts
